 Dungeon Crawl Stone Soup version 0.20.1-1-g8b1a95d (webtiles) character file.

339 geeseburger the Skirmisher (level 6, -2/48 HPs)
             Began as a Demonspawn Fighter on Nov 5, 2017.
             Slain by a gnoll
             ... wielding a +0 flail
              (11 damage)
             ... on level 3 of the Dungeon.
             The game lasted 00:07:09 (2653 turns).

geeseburger the Skirmisher (Demonspawn Fighter)     Turns: 2653, Time: 00:07:10

Health: -2/48      AC:  8    Str: 24    XL:     6   Next: 29%
Magic:  6/6        EV:  7    Int:  9    God:
Gold:   106        SH: 10    Dex: 12    Spells: 5/5 levels left

rFire    . . .     SeeInvis .   a - +1 long sword
rCold    . . .     Gourm    .   c - +1 shield
rNeg     . . .     Faith    .   b - +0 scale mail
rPois    .         Spirit   .   (helmet restricted)
rElec    .         Reflect  .   k - +0 cloak
rCorr    .         Harm     .   (no gloves)
MR       .....                  (no boots)
Stlth    ..........             (no amulet)
Regen    0.2/turn               (no ring)
MPRegen  0.1/turn               (no ring)

@: mighty
A: claws 1, hooves 1, horns 2, powered by pain 1
a: no special abilities


You were on level 3 of the Dungeon.
You were not hungry.

You visited 1 branch of the dungeon, and saw 3 of its levels.

You collected 106 gold pieces.

Inventory:

Hand Weapons
 a - a +1 long sword (weapon)
Armour
 b - a +0 scale mail (worn)
 c - a +1 shield (worn)
 k - a +0 cloak (worn)
Jewellery
 j - an uncursed ring of protection from cold {unknown}
 m - an uncursed amulet of harm {unknown}
Wands
 n - a wand of iceblast (8/15)
Scrolls
 e - 3 scrolls of identify {unknown}
 o - 2 scrolls of teleportation
 p - a scroll of magic mapping {unknown}
Potions
 h - a potion of haste {unknown}
 i - a potion of berserk rage {unknown}
Comestibles
 f - 2 bread rations
 g - 3 fruits
 l - 3 meat rations


   Skills:
 + Level 4.2 Fighting
 * Level 4.1 Long Blades
 + Level 3.9 Armour
 + Level 3.4 Shields


You had 5 spell levels left.
You didn't know any spells.

Dungeon Overview and Level Annotations

Branches:
Dungeon (3/15)

Altars:
Xom


Innate Abilities, Weirdness & Mutations

You have sharp fingernails.
You have large cloven feet.
You have a pair of horns on your head.
You sometimes gain a little power by taking damage.


Message History

You are too injured to fight recklessly!
You are too injured to fight recklessly!
You are too injured to fight recklessly!
The kobold hits you but does no damage.
Unknown command.
Unknown command.
Unknown command.
Unknown command.
You closely miss the gnoll. You kick the gnoll, but do no damage.
Your headbutt misses the gnoll. The gnoll hits you with a flail.
* * * LOW HITPOINT WARNING * * *
The gnoll hits you but does no damage.
You slash the gnoll! Your kick misses the gnoll.
The gnoll is heavily wounded.
The gnoll hits you from afar with a spear.
* * * LOW HITPOINT WARNING * * *
The gnoll hits you but does no damage. The gnoll barely misses you.
You feel very mighty all of a sudden. The gnoll hits you with a flail!
You die...

#####....(.###...........#
#(
#.###..##............###.
#.#....##................
#.#.##.##.#..............
#.#.##....#..#.#.##......
#.#.#####......#.##......
#.#...'......####......
#<#?###......# #......
###Kgg@......# #......
#..g########.# ##....
#.g.# #.# #.... #..)#
##'######.... #....
##..........## #.....
+...........# +......
##..........# #(......
#..........# #...+###.
#..........#


You could see 3 gnolls and a kobold.

Vanquished Creatures
  Sigmund (D:2)
  Jessica (D:2)
  7 adders
  A gnoll (D:3)
  A worm (D:2)
  3 dart slugs
  4 leopard geckos
  3 orcs (D:3)
  4 giant cockroaches
  7 goblins
  10 hobgoblins
  11 jackals
  6 kobolds
  A quokka (D:2)
  6 bats
  10 frilled lizards
  4 rats (D:1)
80 creatures vanquished.

Notes
Turn   | Place    | Note
-------+----------+-------------------------------------------
     0 | D:1      | geeseburger the Demonspawn Fighter began the quest for the Orb.
     0 | D:1      | Reached XP level 1. HP: 18/18 MP: 1/1
   318 | D:1      | Gained mutation: You sometimes gain a little power by taking damage. [demonic ancestry]
   318 | D:1      | Reached XP level 2. HP: 14/24 MP: 2/2
   700 | D:1      | Gained mutation: You have a pair of small horns on your head. [demonic ancestry]
   700 | D:1      | Reached XP level 3. HP: 15/29 MP: 3/3
  1387 | D:2      | Gained mutation: You have a pair of horns on your head. [demonic ancestry]
  1387 | D:2      | Reached XP level 4. HP: 28/35 MP: 4/4
  1521 | D:2      | Noticed Jessica
  1525 | D:2      | Killed Jessica
  1788 | D:2      | Noticed Sigmund
  1804 | D:2      | Killed Sigmund
  1804 | D:2      | Gained mutation: You have sharp fingernails. [demonic ancestry]
  1804 | D:2      | Reached XP level 5. HP: 28/42 MP: 5/5
  2014 | D:2      | Gained mutation: You have large cloven feet. [demonic ancestry]
  2014 | D:2      | Reached XP level 6. HP: 48/48 MP: 6/6
  2476 | D:3      | Found a shimmering altar of Xom.
  2653 | D:3      | Slain by a gnoll

Skill      XL: |  1  2  3  4 |
---------------+-------------+-----
Long Blades    | 2 3 4 |  4.1
Armour         | 3 |  3.9
Fighting       | 4 |  4.2
Shields        | 3 |  3.4

Action                   |  1- 3 |  4- 6 || total
-------------------------+-------+-------++-------
Melee: Long sword        |   144 |   108 ||   252
       Headbutt          |     6 |    20 ||    26
       Kick              |       |    20 ||    20
  Use: Scroll            |     4 |     2 ||     6
       Potion            |       |     1 ||     1
  Eat: Bread ration      |     1 |     1 ||     2
Armor: Scale mail        |   102 |    39 ||   141
Dodge: Dodged            |    54 |    30 ||    84
Block: Shield            |    95 |    64 ||   159
       Rpst.: Long sword |    14 |    11 ||    25
